[ PARTIDA AOE2 · #468488457 ]
UnrankedEtíopes vs Teutons
[ ANÁLISIS DE REPETICIÓN · EXTRAÍDO DE LA PARTIDA GRABADA ]
Feudal
9:01
Castillos
—
Imperial
—
| APM promedio | 60.3 |
| APM pico | 82 |
| eAPM promedio | 23.6 |
| Aldeanos / militares | 26 / 12 |
Foco
⚔️ 58.7% · 🌾 41.3%
Archer ×10 · Spearman ×1 · Skirmisher ×1
Feudal
9:31
Castillos
—
Imperial
—
| APM promedio | 43.3 |
| APM pico | 71 |
| eAPM promedio | 20.4 |
| Aldeanos / militares | 42 / 0 |
Foco
⚔️ 43.5% · 🌾 56.5%
Feudal
8:26
Castillos
—
Imperial
—
| APM promedio | 78.7 |
| APM pico | 115 |
| eAPM promedio | 27.0 |
| Aldeanos / militares | 41 / 10 |
Foco
⚔️ 39.5% · 🌾 60.5%
Scout Cavalry ×9 · Spearman ×1
Feudal
9:16
Castillos
—
Imperial
—
| APM promedio | 44.5 |
| APM pico | 67 |
| eAPM promedio | 19.7 |
| Aldeanos / militares | 34 / 14 |
Foco
⚔️ 48.9% · 🌾 51.1%
Archer ×14
Feudal
8:55
Castillos
—
Imperial
—
| APM promedio | 55.3 |
| APM pico | 80 |
| eAPM promedio | 23.0 |
| Aldeanos / militares | 35 / 15 |
Foco
⚔️ 40.2% · 🌾 59.8%
Scout Cavalry ×9 · Spearman ×6
Feudal
8:51
Castillos
—
Imperial
—
| APM promedio | 64.8 |
| APM pico | 82 |
| eAPM promedio | 21.7 |
| Aldeanos / militares | 41 / 9 |
Foco
⚔️ 42.4% · 🌾 57.6%
Scout Cavalry ×9
Feudal
9:20
Castillos
—
Imperial
—
| APM promedio | 48.4 |
| APM pico | 73 |
| eAPM promedio | 20.9 |
| Aldeanos / militares | 35 / 4 |
Foco
⚔️ 37.9% · 🌾 62.1%
Scout Cavalry ×3 · Spearman ×1
Feudal
8:36
Castillos
—
Imperial
—
| APM promedio | 71.5 |
| APM pico | 115 |
| eAPM promedio | 26.1 |
| Aldeanos / militares | 46 / 22 |
Foco
⚔️ 48.1% · 🌾 51.9%
Archer ×22
Mapa de la partida
Recursos iniciales + cada clic de construcción. Líneas = muros · curvas = relieve. ◆ oro · ⬟ piedra · ● bayas · ✦ reliquia · ◌ hueco del cierre
Tu base· Abierta — hueco de 11t
Base de Eugenius· Abierta — hueco de 8t
Base de Nezzar· Abierta — flanco sin cerrar
Base de DSLG | Genghis Khan!!!· Abierta — hueco de 8t
Base de rlos· Abierta — flanco sin cerrar
Base de Umi· Abierta — flanco sin cerrar
Base de 馬上贏· Abierta — flanco sin cerrar
Base de Taeyoon· Abierta — flanco sin cerrar
Terreno inicial suavizado · ◌ = hueco del cierre detectado · pasá el cursor para detalles
Inputs por minuto
— JamCat - - Eugenius
Build order — JamCat
62 acciones detectadas en el replay
| 0:01 | Crear | Villager (Male) |
| 0:01 | Crear | Villager (Male) |
| 0:01 | Crear | Villager (Male) |
| 0:02 | Construir | House |
| 0:05 | Construir | House |
| 0:28 | Crear | Villager (Male) |
| 1:36 | Crear | Villager (Male) |
| 1:47 | Construir | Lumber Camp |
| 2:06 | Crear | Villager (Male) |
| 2:31 | Crear | Villager (Male) |
| 3:03 | Crear | Villager (Male) |
| 3:04 | Crear | Villager (Male) |
| 3:04 | Crear | Villager (Male) |
| 3:54 | Crear | Villager (Male) |
| 3:54 | Crear | Villager (Male) |
| 4:00 | Construir | House |
| 4:07 | Crear | Villager (Male) |
| 4:31 | Construir | House |
| 4:38 | Crear | Villager (Male) |
| 4:38 | Crear | Villager (Male) |
| 5:13 | Construir | Mining Camp |
| 5:59 | Crear | Villager (Male) |
| 6:00 | Investigar | Loom |
| 6:51 | Investigar | Feudal Age |
| 7:01 | Construir | Outpost |
| 7:27 | Construir | Barracks |
| 7:56 | Crear | Villager (Male) |
| 9:01 | Edad | Edad Feudal |
| 9:04 | Construir | Archery Range |
| 9:05 | Construir | Archery Range |
| 9:25 | Crear | Spearman |
| 9:26 | Crear | Villager (Male) |
| 9:42 | Crear | Skirmisher |
| 9:43 | Crear | Archer |
| 10:04 | Crear | Archer |
| 10:07 | Construir | Blacksmith |
| 10:15 | Crear | Villager (Male) |
| 10:16 | Crear | Villager (Male) |
| 10:20 | Construir | Mill |
| 10:22 | Construir | House |
| 10:34 | Crear | Archer |
| 10:52 | Crear | Archer |
| 11:07 | Crear | Archer |
| 11:18 | Crear | Archer |
| 11:30 | Crear | Villager (Male) |
| 11:33 | Construir | House |
| 11:50 | Construir | Watch Tower |
| 11:56 | Investigar | Fletching |
| 12:29 | Crear | Villager (Male) |
| 12:42 | Construir | Mining Camp |
| 12:47 | Crear | Archer |
| 13:06 | Crear | Villager (Male) |
| 13:29 | Crear | Archer |
| 13:37 | Crear | Villager (Male) |
| 13:39 | Construir | Farm |
| 14:06 | Crear | Villager (Male) |
| 14:27 | Crear | Archer |
| 14:31 | Crear | Archer |
| 14:36 | Construir | House |
| 14:41 | Crear | Villager (Male) |
| 14:50 | Construir | Farm |
| 15:17 | Construir | House |
Build order — Eugenius
66 acciones detectadas en el replay
| 0:45 | Crear | Villager (Male) |
| 0:45 | Crear | Villager (Male) |
| 0:45 | Crear | Villager (Male) |
| 0:49 | Construir | House |
| 0:50 | Construir | House |
| 0:56 | Crear | Villager (Male) |
| 0:56 | Crear | Villager (Male) |
| 2:14 | Crear | Villager (Male) |
| 2:14 | Crear | Villager (Male) |
| 2:36 | Crear | Villager (Male) |
| 2:36 | Crear | Villager (Male) |
| 2:57 | Construir | Lumber Camp |
| 3:06 | Crear | Villager (Male) |
| 3:06 | Crear | Villager (Male) |
| 3:06 | Crear | Villager (Male) |
| 3:20 | Crear | Villager (Male) |
| 3:20 | Crear | Villager (Male) |
| 3:41 | Crear | Villager (Male) |
| 3:41 | Crear | Villager (Male) |
| 3:41 | Crear | Villager (Male) |
| 4:15 | Construir | House |
| 4:18 | Crear | Villager (Male) |
| 4:18 | Crear | Villager (Male) |
| 4:24 | Crear | Villager (Male) |
| 4:34 | Construir | House |
| 4:35 | Construir | Palisade Wall |
| 4:52 | Crear | Villager (Male) |
| 4:52 | Crear | Villager (Male) |
| 4:53 | Crear | Villager (Male) |
| 5:31 | Construir | Mining Camp |
| 5:55 | Crear | Villager (Male) |
| 6:20 | Investigar | Loom |
| 6:20 | Investigar | Loom |
| 6:59 | Construir | Palisade Wall |
| 7:21 | Investigar | Feudal Age |
| 8:06 | Construir | Palisade Wall |
| 8:09 | Crear | Villager (Male) |
| 9:11 | Crear | Villager (Male) |
| 9:31 | Edad | Edad Feudal |
| 9:32 | Construir | Palisade Wall |
| 9:35 | Construir | Palisade Wall |
| 9:36 | Construir | Palisade Wall |
| 10:14 | Construir | Barracks |
| 10:32 | Crear | Villager (Male) |
| 10:32 | Crear | Villager (Male) |
| 10:33 | Crear | Villager (Male) |
| 10:43 | Construir | Watch Tower |
| 10:53 | Construir | House |
| 11:38 | Construir | Watch Tower |
| 12:15 | Construir | Watch Tower |
| 12:23 | Crear | Villager (Male) |
| 12:24 | Crear | Villager (Male) |
| 12:24 | Crear | Villager (Male) |
| 13:05 | Crear | Villager (Male) |
| 13:05 | Crear | Villager (Male) |
| 13:05 | Crear | Villager (Male) |
| 13:19 | Construir | Blacksmith |
| 13:34 | Crear | Villager (Male) |
| 13:34 | Crear | Villager (Male) |
| 13:54 | Crear | Villager (Male) |
| 14:26 | Crear | Villager (Male) |
| 14:26 | Crear | Villager (Male) |
| 14:54 | Crear | Villager (Male) |
| 15:01 | Construir | Watch Tower |
| 15:07 | Construir | Watch Tower |
| 15:11 | Crear | Villager (Male) |
Build order — Nezzar
99 acciones detectadas en el replay
| 0:00 | Crear | Villager (Male) |
| 0:02 | Construir | House |
| 0:03 | Construir | House |
| 0:05 | Crear | Villager (Male) |
| 0:15 | Crear | Villager (Male) |
| 0:16 | Crear | Villager (Male) |
| 0:34 | Construir | Mill |
| 1:32 | Construir | Palisade Wall |
| 1:40 | Crear | Villager (Male) |
| 1:40 | Crear | Villager (Male) |
| 1:47 | Construir | Palisade Wall |
| 1:48 | Construir | Palisade Wall |
| 1:53 | Construir | Palisade Wall |
| 2:01 | Crear | Villager (Male) |
| 2:02 | Crear | Villager (Male) |
| 2:10 | Crear | Villager (Male) |
| 2:10 | Crear | Villager (Male) |
| 2:38 | Crear | Villager (Male) |
| 2:41 | Crear | Villager (Male) |
| 3:08 | Crear | Villager (Male) |
| 3:35 | Crear | Villager (Male) |
| 3:49 | Construir | House |
| 3:59 | Crear | Villager (Male) |
| 3:59 | Crear | Villager (Male) |
| 4:00 | Crear | Villager (Male) |
| 4:18 | Crear | Villager (Male) |
| 4:33 | Crear | Villager (Male) |
| 4:33 | Crear | Villager (Male) |
| 4:45 | Construir | Lumber Camp |
| 4:59 | Crear | Villager (Male) |
| 5:00 | Crear | Villager (Male) |
| 5:12 | Crear | Villager (Male) |
| 5:12 | Crear | Villager (Male) |
| 5:31 | Investigar | Loom |
| 6:05 | Investigar | Feudal Age |
| 7:32 | Construir | Barracks |
| 8:18 | Construir | Palisade Wall |
| 8:20 | Construir | Palisade Wall |
| 8:26 | Edad | Edad Feudal |
| 8:28 | Crear | Villager (Male) |
| 8:32 | Investigar | Double-Bit Axe |
| 8:35 | Crear | Spearman |
| 8:41 | Crear | Villager (Male) |
| 8:47 | Crear | Villager (Male) |
| 8:57 | Crear | Villager (Male) |
| 8:58 | Construir | Stable |
| 9:08 | Construir | House |
| 9:23 | Construir | Watch Tower |
| 9:39 | Crear | Villager (Male) |
| 9:42 | Construir | Farm |
| 9:43 | Crear | Scout Cavalry |
| 9:43 | Crear | Scout Cavalry |
| 9:47 | Construir | House |
| 9:54 | Construir | Farm |
| 10:08 | Crear | Scout Cavalry |
| 10:16 | Crear | Villager (Male) |
| 10:43 | Construir | Palisade Wall |
| 10:43 | Construir | Palisade Wall |
| 10:44 | Construir | Palisade Wall |
| 10:44 | Construir | Palisade Wall |
| 10:52 | Construir | Farm |
| 10:53 | Construir | Farm |
| 10:57 | Crear | Scout Cavalry |
| 11:09 | Crear | Villager (Male) |
| 11:16 | Construir | Palisade Wall |
| 11:16 | Construir | Palisade Wall |
| 11:21 | Construir | House |
| 11:28 | Construir | Farm |
| 11:30 | Construir | Farm |
| 11:32 | Crear | Villager (Male) |
| 11:37 | Crear | Scout Cavalry |
| 11:50 | Construir | House |
| 11:56 | Construir | Farm |
| 12:03 | Construir | Palisade Wall |
| 12:12 | Crear | Villager (Male) |
| 12:17 | Crear | Villager (Male) |
| 12:22 | Construir | Blacksmith |
| 12:30 | Crear | Scout Cavalry |
| 12:38 | Construir | House |
| 12:54 | Crear | Villager (Male) |
| 13:00 | Construir | Farm |
| 13:06 | Investigar | Scale Barding Armor |
| 13:06 | Investigar | Scale Barding Armor |
| 13:10 | Construir | House |
| 13:15 | Crear | Villager (Male) |
| 13:19 | Construir | Farm |
| 13:23 | Crear | Scout Cavalry |
| 13:39 | Crear | Villager (Male) |
| 13:50 | Construir | Farm |
| 13:51 | Construir | Farm |
| 14:05 | Crear | Villager (Male) |
| 14:10 | Crear | Scout Cavalry |
| 14:20 | Construir | Farm |
| 14:22 | Crear | Villager (Male) |
| 14:42 | Construir | Mining Camp |
| 14:51 | Crear | Villager (Male) |
| 14:51 | Crear | Scout Cavalry |
| 14:54 | Investigar | Horse Collar |
| 15:22 | Crear | Villager (Male) |
Build order — DSLG | Genghis Khan!!!
82 acciones detectadas en el replay
| 0:01 | Crear | Villager (Male) |
| 0:01 | Crear | Villager (Male) |
| 0:03 | Construir | House |
| 0:04 | Construir | House |
| 0:09 | Crear | Villager (Male) |
| 0:09 | Crear | Villager (Male) |
| 1:28 | Crear | Villager (Male) |
| 1:54 | Crear | Villager (Male) |
| 2:18 | Crear | Villager (Male) |
| 2:18 | Crear | Villager (Male) |
| 2:23 | Crear | Villager (Male) |
| 2:23 | Crear | Villager (Male) |
| 2:34 | Construir | House |
| 2:41 | Construir | Lumber Camp |
| 3:09 | Crear | Villager (Male) |
| 3:09 | Crear | Villager (Male) |
| 3:13 | Crear | Villager (Male) |
| 4:00 | Crear | Villager (Male) |
| 4:01 | Crear | Villager (Male) |
| 4:53 | Crear | Villager (Male) |
| 4:54 | Crear | Villager (Male) |
| 4:54 | Crear | Villager (Male) |
| 5:48 | Crear | Villager (Male) |
| 5:55 | Construir | Mining Camp |
| 6:16 | Investigar | Loom |
| 6:48 | Investigar | Feudal Age |
| 7:10 | Construir | House |
| 7:33 | Construir | Mill |
| 7:39 | Crear | Villager (Male) |
| 8:06 | Crear | Villager (Male) |
| 8:19 | Construir | Barracks |
| 8:49 | Construir | Palisade Wall |
| 8:50 | Construir | Palisade Wall |
| 8:52 | Construir | Palisade Wall |
| 8:53 | Construir | Palisade Wall |
| 8:58 | Construir | Palisade Wall |
| 9:00 | Construir | Palisade Wall |
| 9:15 | Crear | Villager (Male) |
| 9:16 | Edad | Edad Feudal |
| 9:16 | Crear | Villager (Male) |
| 9:17 | Crear | Villager (Male) |
| 9:36 | Construir | Archery Range |
| 9:47 | Construir | Archery Range |
| 9:52 | Construir | House |
| 9:58 | Construir | Palisade Wall |
| 10:05 | Construir | Blacksmith |
| 10:23 | Crear | Villager (Male) |
| 10:28 | Construir | Farm |
| 10:28 | Crear | Villager (Male) |
| 10:32 | Crear | Archer |
| 10:42 | Construir | Palisade Wall |
| 10:44 | Construir | Palisade Wall |
| 10:45 | Construir | Palisade Wall |
| 10:52 | Crear | Archer |
| 10:52 | Crear | Archer |
| 11:05 | Investigar | Fletching |
| 11:13 | Crear | Archer |
| 11:28 | Construir | Farm |
| 11:29 | Crear | Villager (Male) |
| 11:29 | Crear | Villager (Male) |
| 11:36 | Crear | Archer |
| 11:39 | Construir | Farm |
| 11:54 | Construir | Farm |
| 11:57 | Crear | Archer |
| 11:57 | Crear | Archer |
| 12:20 | Construir | Farm |
| 12:24 | Crear | Archer |
| 12:33 | Crear | Archer |
| 12:40 | Crear | Villager (Male) |
| 13:02 | Crear | Archer |
| 13:10 | Crear | Villager (Male) |
| 13:12 | Construir | House |
| 13:33 | Crear | Villager (Male) |
| 13:42 | Crear | Villager (Male) |
| 14:21 | Crear | Villager (Male) |
| 14:40 | Crear | Archer |
| 14:40 | Crear | Archer |
| 14:43 | Crear | Villager (Male) |
| 14:50 | Construir | Town Center |
| 14:56 | Crear | Archer |
| 14:56 | Crear | Archer |
| 15:16 | Construir | Farm |
Build order — rlos
89 acciones detectadas en el replay
| 0:01 | Crear | Villager (Male) |
| 0:01 | Crear | Villager (Male) |
| 0:02 | Crear | Villager (Male) |
| 0:04 | Construir | House |
| 0:05 | Construir | House |
| 0:08 | Crear | Villager (Male) |
| 1:30 | Crear | Villager (Male) |
| 1:30 | Crear | Villager (Male) |
| 1:57 | Construir | Lumber Camp |
| 2:08 | Crear | Villager (Male) |
| 2:08 | Crear | Villager (Male) |
| 2:33 | Crear | Villager (Male) |
| 2:33 | Crear | Villager (Male) |
| 2:33 | Crear | Villager (Male) |
| 3:07 | Crear | Villager (Male) |
| 3:07 | Crear | Villager (Male) |
| 3:24 | Crear | Villager (Male) |
| 3:25 | Crear | Villager (Male) |
| 3:26 | Construir | House |
| 3:46 | Crear | Villager (Male) |
| 3:47 | Crear | Villager (Male) |
| 3:58 | Construir | Mill |
| 4:36 | Crear | Villager (Male) |
| 4:38 | Crear | Villager (Male) |
| 4:39 | Crear | Villager (Male) |
| 4:41 | Crear | Villager (Male) |
| 5:25 | Crear | Villager (Male) |
| 6:07 | Investigar | Loom |
| 6:07 | Investigar | Loom |
| 6:45 | Investigar | Feudal Age |
| 6:45 | Investigar | Feudal Age |
| 7:24 | Construir | House |
| 7:26 | Construir | Barracks |
| 7:36 | Crear | Villager (Male) |
| 8:55 | Edad | Edad Feudal |
| 9:01 | Construir | Stable |
| 9:02 | Crear | Spearman |
| 9:04 | Crear | Villager (Male) |
| 9:13 | Investigar | Double-Bit Axe |
| 9:13 | Investigar | Double-Bit Axe |
| 9:16 | Construir | Farm |
| 9:17 | Construir | Farm |
| 9:34 | Construir | Farm |
| 9:38 | Crear | Villager (Male) |
| 9:41 | Crear | Villager (Male) |
| 9:42 | Crear | Scout Cavalry |
| 9:48 | Construir | House |
| 9:52 | Construir | Farm |
| 10:11 | Crear | Scout Cavalry |
| 10:11 | Crear | Scout Cavalry |
| 10:15 | Construir | Farm |
| 10:41 | Crear | Villager (Male) |
| 10:44 | Construir | Farm |
| 10:45 | Construir | Farm |
| 11:01 | Crear | Villager (Male) |
| 11:10 | Crear | Spearman |
| 11:12 | Construir | Farm |
| 11:22 | Crear | Spearman |
| 11:35 | Crear | Villager (Male) |
| 11:38 | Construir | Farm |
| 11:45 | Crear | Villager (Male) |
| 11:53 | Construir | Farm |
| 11:56 | Construir | House |
| 12:04 | Crear | Villager (Male) |
| 12:09 | Construir | House |
| 12:13 | Construir | Farm |
| 12:21 | Crear | Scout Cavalry |
| 12:21 | Crear | Scout Cavalry |
| 12:40 | Construir | House |
| 12:41 | Construir | House |
| 12:47 | Crear | Scout Cavalry |
| 12:51 | Crear | Villager (Male) |
| 13:05 | Crear | Spearman |
| 13:09 | Construir | Farm |
| 13:15 | Construir | House |
| 13:16 | Crear | Scout Cavalry |
| 13:33 | Crear | Scout Cavalry |
| 13:34 | Construir | Farm |
| 13:48 | Crear | Villager (Male) |
| 13:51 | Construir | Farm |
| 13:52 | Crear | Scout Cavalry |
| 13:58 | Construir | House |
| 14:14 | Construir | Blacksmith |
| 14:40 | Crear | Villager (Male) |
| 14:42 | Construir | Farm |
| 14:53 | Crear | Spearman |
| 14:56 | Crear | Villager (Male) |
| 15:04 | Crear | Spearman |
| 15:12 | Construir | Watch Tower |
Build order — Umi
91 acciones detectadas en el replay
| 0:01 | Crear | Villager (Male) |
| 0:01 | Crear | Villager (Male) |
| 0:02 | Crear | Villager (Male) |
| 0:02 | Construir | House |
| 0:04 | Construir | House |
| 0:07 | Crear | Villager (Male) |
| 0:07 | Crear | Villager (Male) |
| 1:27 | Crear | Villager (Male) |
| 1:27 | Crear | Villager (Male) |
| 1:48 | Construir | Lumber Camp |
| 1:52 | Crear | Villager (Male) |
| 1:52 | Crear | Villager (Male) |
| 1:53 | Crear | Villager (Male) |
| 2:14 | Crear | Villager (Male) |
| 2:15 | Crear | Villager (Male) |
| 2:52 | Crear | Villager (Male) |
| 2:52 | Crear | Villager (Male) |
| 3:36 | Crear | Villager (Male) |
| 3:36 | Crear | Villager (Male) |
| 3:36 | Crear | Villager (Male) |
| 3:36 | Crear | Villager (Male) |
| 3:57 | Construir | House |
| 3:58 | Construir | House |
| 4:17 | Crear | Villager (Male) |
| 4:17 | Crear | Villager (Male) |
| 4:38 | Crear | Villager (Male) |
| 4:48 | Crear | Villager (Male) |
| 4:54 | Construir | Mill |
| 5:05 | Crear | Villager (Male) |
| 5:43 | Investigar | Loom |
| 5:44 | Investigar | Loom |
| 6:39 | Investigar | Feudal Age |
| 6:39 | Investigar | Feudal Age |
| 6:57 | Crear | Villager (Male) |
| 7:42 | Construir | Barracks |
| 8:04 | Crear | Villager (Male) |
| 8:51 | Edad | Edad Feudal |
| 8:57 | Construir | Stable |
| 8:58 | Construir | House |
| 8:59 | Investigar | Double-Bit Axe |
| 9:04 | Crear | Villager (Male) |
| 9:20 | Investigar | Horse Collar |
| 9:33 | Construir | Farm |
| 9:41 | Crear | Scout Cavalry |
| 9:42 | Crear | Scout Cavalry |
| 9:42 | Crear | Scout Cavalry |
| 10:05 | Crear | Villager (Male) |
| 10:17 | Construir | Farm |
| 10:19 | Construir | Farm |
| 10:21 | Crear | Villager (Male) |
| 10:26 | Construir | House |
| 10:28 | Construir | Palisade Wall |
| 10:35 | Construir | Palisade Wall |
| 10:41 | Crear | Villager (Male) |
| 10:55 | Crear | Villager (Male) |
| 11:20 | Crear | Villager (Male) |
| 11:38 | Crear | Scout Cavalry |
| 11:39 | Construir | Farm |
| 11:40 | Construir | Farm |
| 11:46 | Construir | House |
| 11:47 | Construir | Palisade Wall |
| 11:54 | Construir | House |
| 11:58 | Crear | Villager (Male) |
| 12:01 | Construir | Farm |
| 12:03 | Construir | Farm |
| 12:05 | Crear | Scout Cavalry |
| 12:22 | Crear | Villager (Male) |
| 12:23 | Construir | Farm |
| 12:40 | Crear | Scout Cavalry |
| 12:44 | Crear | Villager (Male) |
| 13:06 | Crear | Villager (Male) |
| 13:07 | Crear | Scout Cavalry |
| 13:11 | Construir | Farm |
| 13:14 | Construir | Farm |
| 13:28 | Crear | Villager (Male) |
| 13:30 | Construir | Farm |
| 13:33 | Construir | Farm |
| 13:39 | Crear | Villager (Male) |
| 13:40 | Construir | House |
| 13:44 | Construir | Palisade Wall |
| 13:50 | Crear | Scout Cavalry |
| 14:16 | Crear | Villager (Male) |
| 14:20 | Construir | Blacksmith |
| 14:34 | Crear | Scout Cavalry |
| 14:46 | Crear | Villager (Male) |
| 14:48 | Construir | Farm |
| 15:10 | Crear | Villager (Male) |
| 15:12 | Construir | Farm |
| 15:13 | Construir | Farm |
| 15:14 | Construir | Farm |
| 15:27 | Crear | Villager (Male) |
Build order — 馬上贏
78 acciones detectadas en el replay
| 0:05 | Crear | Villager (Male) |
| 0:05 | Crear | Villager (Male) |
| 0:08 | Construir | House |
| 0:10 | Construir | House |
| 0:15 | Crear | Villager (Male) |
| 0:15 | Crear | Villager (Male) |
| 1:36 | Crear | Villager (Male) |
| 1:37 | Crear | Villager (Male) |
| 2:06 | Crear | Villager (Male) |
| 2:06 | Crear | Villager (Male) |
| 2:12 | Construir | Lumber Camp |
| 2:33 | Crear | Villager (Male) |
| 2:33 | Crear | Villager (Male) |
| 2:53 | Crear | Villager (Male) |
| 2:53 | Crear | Villager (Male) |
| 3:18 | Crear | Villager (Male) |
| 3:18 | Crear | Villager (Male) |
| 3:19 | Crear | Villager (Male) |
| 3:52 | Crear | Villager (Male) |
| 3:52 | Crear | Villager (Male) |
| 4:04 | Construir | House |
| 4:35 | Crear | Villager (Male) |
| 4:35 | Crear | Villager (Male) |
| 4:36 | Crear | Villager (Male) |
| 4:50 | Construir | Mill |
| 5:35 | Crear | Villager (Male) |
| 5:35 | Crear | Villager (Male) |
| 6:19 | Crear | Villager (Male) |
| 6:19 | Investigar | Loom |
| 6:49 | Construir | House |
| 7:05 | Investigar | Feudal Age |
| 7:06 | Investigar | Feudal Age |
| 7:24 | Construir | Lumber Camp |
| 8:15 | Construir | House |
| 8:56 | Construir | Barracks |
| 9:20 | Edad | Edad Feudal |
| 9:38 | Construir | Stable |
| 9:43 | Crear | Spearman |
| 9:46 | Crear | Villager (Male) |
| 9:48 | Investigar | Double-Bit Axe |
| 9:48 | Investigar | Double-Bit Axe |
| 10:15 | Crear | Scout Cavalry |
| 10:18 | Construir | House |
| 10:23 | Construir | Farm |
| 10:23 | Crear | Villager (Male) |
| 10:24 | Crear | Villager (Male) |
| 10:27 | Crear | Scout Cavalry |
| 11:10 | Crear | Villager (Male) |
| 11:11 | Crear | Villager (Male) |
| 11:12 | Crear | Scout Cavalry |
| 11:41 | Construir | House |
| 11:42 | Crear | Villager (Male) |
| 11:47 | Crear | Villager (Male) |
| 11:52 | Construir | Farm |
| 11:56 | Construir | Farm |
| 12:08 | Crear | Villager (Male) |
| 12:10 | Construir | Farm |
| 12:15 | Construir | Farm |
| 12:15 | Construir | Farm |
| 12:16 | Construir | Farm |
| 12:39 | Construir | Palisade Wall |
| 13:08 | Crear | Villager (Male) |
| 13:16 | Construir | Farm |
| 13:16 | Construir | Farm |
| 13:18 | Crear | Villager (Male) |
| 13:24 | Construir | Farm |
| 13:31 | Crear | Villager (Male) |
| 13:44 | Crear | Villager (Male) |
| 13:49 | Construir | House |
| 13:53 | Construir | Palisade Wall |
| 14:00 | Construir | Palisade Wall |
| 14:08 | Construir | Palisade Wall |
| 14:11 | Construir | House |
| 14:23 | Construir | Farm |
| 14:26 | Investigar | Town Watch |
| 14:36 | Construir | House |
| 14:37 | Construir | House |
| 14:45 | Construir | Farm |
Build order — Taeyoon
107 acciones detectadas en el replay
| 0:00 | Crear | Villager (Male) |
| 0:01 | Crear | Villager (Male) |
| 0:02 | Construir | House |
| 0:03 | Construir | House |
| 0:10 | Crear | Villager (Male) |
| 0:11 | Crear | Villager (Male) |
| 1:26 | Crear | Villager (Male) |
| 1:26 | Crear | Villager (Male) |
| 2:01 | Crear | Villager (Male) |
| 2:02 | Crear | Villager (Male) |
| 2:18 | Construir | Lumber Camp |
| 2:42 | Crear | Villager (Male) |
| 2:43 | Crear | Villager (Male) |
| 2:50 | Crear | Villager (Male) |
| 3:00 | Crear | Villager (Male) |
| 3:01 | Crear | Villager (Male) |
| 3:46 | Crear | Villager (Male) |
| 3:46 | Crear | Villager (Male) |
| 3:52 | Crear | Villager (Male) |
| 4:00 | Construir | House |
| 4:10 | Crear | Villager (Male) |
| 4:10 | Crear | Villager (Male) |
| 4:24 | Construir | Mill |
| 4:33 | Crear | Villager (Male) |
| 5:08 | Crear | Villager (Male) |
| 5:29 | Crear | Villager (Male) |
| 5:33 | Construir | House |
| 5:48 | Crear | Villager (Male) |
| 5:54 | Crear | Villager (Male) |
| 5:55 | Crear | Villager (Male) |
| 6:09 | Crear | Villager (Male) |
| 7:18 | Investigar | Feudal Age |
| 7:18 | Investigar | Feudal Age |
| 8:10 | Construir | Mining Camp |
| 8:14 | Construir | Barracks |
| 8:22 | Crear | Villager (Male) |
| 8:36 | Edad | Edad Feudal |
| 8:41 | Crear | Villager (Male) |
| 8:49 | Investigar | Double-Bit Axe |
| 9:05 | Crear | Villager (Male) |
| 9:17 | Construir | Archery Range |
| 9:25 | Crear | Villager (Male) |
| 9:29 | Construir | Archery Range |
| 9:52 | Crear | Villager (Male) |
| 10:00 | Construir | Archery Range |
| 10:06 | Construir | House |
| 10:08 | Investigar | Loom |
| 10:20 | Crear | Villager (Male) |
| 10:23 | Construir | House |
| 10:33 | Crear | Villager (Male) |
| 10:33 | Crear | Archer |
| 10:38 | Crear | Archer |
| 10:58 | Construir | House |
| 10:59 | Construir | Blacksmith |
| 11:01 | Crear | Archer |
| 11:08 | Crear | Archer |
| 11:20 | Crear | Villager (Male) |
| 11:27 | Construir | Farm |
| 11:29 | Construir | Farm |
| 11:37 | Construir | House |
| 11:39 | Crear | Archer |
| 11:49 | Crear | Villager (Male) |
| 11:54 | Construir | Farm |
| 12:03 | Crear | Villager (Male) |
| 12:06 | Crear | Archer |
| 12:11 | Construir | House |
| 12:19 | Investigar | Fletching |
| 12:19 | Investigar | Fletching |
| 12:38 | Construir | Farm |
| 12:40 | Crear | Villager (Male) |
| 12:40 | Crear | Villager (Male) |
| 12:41 | Crear | Archer |
| 12:41 | Crear | Archer |
| 13:02 | Crear | Archer |
| 13:03 | Crear | Archer |
| 13:05 | Crear | Villager (Male) |
| 13:08 | Construir | Farm |
| 13:10 | Crear | Archer |
| 13:11 | Crear | Archer |
| 13:14 | Construir | Farm |
| 13:15 | Construir | House |
| 13:16 | Construir | House |
| 13:29 | Crear | Villager (Male) |
| 13:29 | Crear | Archer |
| 13:29 | Crear | Archer |
| 13:46 | Crear | Archer |
| 13:46 | Crear | Archer |
| 13:54 | Crear | Archer |
| 14:04 | Crear | Villager (Male) |
| 14:05 | Crear | Villager (Male) |
| 14:25 | Crear | Villager (Male) |
| 14:28 | Construir | House |
| 14:31 | Construir | Farm |
| 14:32 | Construir | Farm |
| 14:34 | Construir | Farm |
| 14:38 | Crear | Archer |
| 14:39 | Crear | Archer |
| 14:39 | Crear | Archer |
| 14:42 | Crear | Villager (Male) |
| 15:06 | Crear | Villager (Male) |
| 15:09 | Construir | Farm |
| 15:11 | Construir | Farm |
| 15:11 | Crear | Villager (Male) |
| 15:15 | Construir | Farm |
| 15:22 | Crear | Archer |
| 15:22 | Crear | Archer |
| 15:26 | Crear | Villager (Male) |
Cronología de la partida
| 1:32 | Nezzar · wall_segment Palisade Wall x1 |
| 1:47 | Nezzar · wall_segment Palisade Wall x1 |
| 1:48 | Nezzar · wall_segment Palisade Wall x1 |
| 1:53 | Nezzar · wall_segment Palisade Wall x1 |
| 4:35 | Eugenius · wall_segment Palisade Wall x1 |
| 6:59 | Eugenius · wall_segment Palisade Wall x7 |
| 7:26 | rlos · first_building Barracks |
| 7:27 | JamCat · first_building Barracks |
| 7:32 | Nezzar · first_building Barracks |
| 7:42 | Umi · first_building Barracks |
| 8:06 | Eugenius · wall_segment Palisade Wall x1 |
| 8:14 | Taeyoon · first_building Barracks |
| 8:18 | Nezzar · wall_segment Palisade Wall x1 |
| 8:19 | DSLG | Genghis Khan!!! · first_building Barracks |
| 8:20 | Nezzar · wall_segment Palisade Wall x1 |
| 8:26 | Nezzar · age_up feudal |
| 8:36 | Taeyoon · age_up feudal |
| 8:49 | DSLG | Genghis Khan!!! · wall_segment Palisade Wall x1 |
| 8:50 | DSLG | Genghis Khan!!! · wall_segment Palisade Wall x1 |
| 8:51 | Umi · age_up feudal |
| 8:52 | DSLG | Genghis Khan!!! · wall_segment Palisade Wall x1 |
| 8:53 | DSLG | Genghis Khan!!! · wall_segment Palisade Wall x1 |
| 8:55 | rlos · age_up feudal |
| 8:56 | 馬上贏 · first_building Barracks |
| 8:57 | Umi · first_building Stable |
| 8:58 | Nezzar · first_building Stable |
| 8:58 | DSLG | Genghis Khan!!! · wall_segment Palisade Wall x1 |
| 9:00 | DSLG | Genghis Khan!!! · wall_segment Palisade Wall x1 |
| 9:01 | rlos · first_building Stable |
| 9:01 | JamCat · age_up feudal |
| 9:04 | JamCat · first_building Archery Range |
| 9:16 | DSLG | Genghis Khan!!! · age_up feudal |
| 9:17 | Taeyoon · first_building Archery Range |
| 9:20 | 馬上贏 · age_up feudal |
| 9:31 | Eugenius · age_up feudal |
| 9:32 | Eugenius · wall_segment Palisade Wall x6 |
| 9:35 | Eugenius · wall_segment Palisade Wall x7 |
| 9:36 | DSLG | Genghis Khan!!! · first_building Archery Range |
| 9:36 | Eugenius · wall_segment Palisade Wall x5 |
| 9:38 | 馬上贏 · first_building Stable |
| 9:58 | DSLG | Genghis Khan!!! · wall_segment Palisade Wall x5 |
| 10:14 | Eugenius · first_building Barracks |
| 10:28 | Umi · wall_segment Palisade Wall x5 |
| 10:35 | Umi · wall_segment Palisade Wall x5 |
| 10:42 | DSLG | Genghis Khan!!! · wall_segment Palisade Wall x1 |
| 10:43 | Nezzar · wall_segment Palisade Wall x1 |
| 10:43 | Nezzar · wall_segment Palisade Wall x1 |
| 10:44 | Nezzar · wall_segment Palisade Wall x1 |
| 10:44 | DSLG | Genghis Khan!!! · wall_segment Palisade Wall x1 |
| 10:44 | Nezzar · wall_segment Palisade Wall x1 |
| 10:45 | DSLG | Genghis Khan!!! · wall_segment Palisade Wall x1 |
| 11:16 | Nezzar · wall_segment Palisade Wall x1 |
| 11:16 | Nezzar · wall_segment Palisade Wall x1 |
| 11:47 | Umi · wall_segment Palisade Wall x6 |
| 12:03 | Nezzar · wall_segment Palisade Wall x5 |
| 12:39 | 馬上贏 · wall_segment Palisade Wall x19 |
| 13:44 | Umi · wall_segment Palisade Wall x7 |
| 13:53 | 馬上贏 · wall_segment Palisade Wall x3 |
| 14:00 | 馬上贏 · wall_segment Palisade Wall x1 |
| 14:08 | 馬上贏 · wall_segment Palisade Wall x1 |
| 15:21 | 馬上贏 · resign |
[ ANÁLISIS IA · 1 CRÉDITO ]
¿Qué pasó realmente en esta partida?
Wolo.gg analiza cada decisión: build order, eco, micro, errores típicos por bracket. Análisis personalizado por WhatsApp o Discord en 30 segundos.
Guía civ
Etíopes
Perfil
JamCat